 Dungeon Crawl Stone Soup version 0.26.0-10-g1f06aea511 (webtiles) character file.

Game seed: 14470678817031451817

62 tsouns the Skirmisher (level 3, -3/36 HPs)
             Began as a Minotaur Brigand on Jan 14, 2021.
             Was an Initiate of Okawaru.
             Killed from afar by Natasha (10 damage)
             ... with a magic dart
             ... on level 2 of the Dungeon.
             The game lasted 00:01:55 (1214 turns).

tsouns the Skirmisher (Minotaur Brigand)            Turns: 1214, Time: 00:01:56

Health: -3/36      AC:  3    Str: 15    XL:     3   Next: 85%
Magic:  2/2        EV: 12    Int:  9    God:    Okawaru [......]
Gold:   74         SH:  0    Dex: 11    Spells: 2/2 levels left

rFire    . . .     SeeInvis .   k - +0 halberd
rCold    . . .     Faith    .   (shield currently unavailable)
rNeg     . . .     Spirit   .   b - +0 robe
rPois    .         Reflect  .   (helmet restricted)
rElec    .         Harm     .   c - +0 cloak
rCorr    +         Rampage  .   (no gloves)
Will     .....                  (no boots)
Stlth    ++........             (no amulet)
HPRegen  0.12/turn              h - ring of resist corrosion
MPRegen  0.08/turn              (no ring)

@: slowed, very slow
A: retaliatory headbutt, horns 2
a: Renounce Religion


You were on level 2 of the Dungeon.
You worshipped Okawaru.
Okawaru was noncommittal.
You visited 1 branch of the dungeon, and saw 2 of its levels.

You collected 74 gold pieces.

Inventory:

Hand Weapons
 a - a +2 dagger
 k - a +0 halberd (weapon)
Missiles
 d - 6 poisoned darts (quivered)
 e - 6 curare-tipped darts
 j - 2 throwing nets
Armour
 b - a +0 robe (worn)
 c - a +0 cloak (worn)
Jewellery
 h - a ring of resist corrosion (left hand)
Scrolls
 f - 2 scrolls of identify {unknown}
 g - a scroll of remove curse {unknown}
Potions
 i - a potion of curing {unknown}


   Skills:
 + Level 5.1 Fighting
 - Level 2.1 Short Blades
 + Level 0.4 Polearms
 - Level 2.0 Throwing
 - Level 1.1 Dodging
 - Level 3.2 Stealth


You had 2 spell levels left.
You didn't know any spells.
Your spell library was empty.

Dungeon Overview and Level Annotations

Branches:
Dungeon (2/15)

Altars:
Okawaru

Annotations:
D:2 Natasha


Innate Abilities, Weirdness & Mutations

You reflexively headbutt those who attack you in melee.
You have a pair of horns on your head.


Message History

You headbutt the kobold!
You kill the kobold!
Natasha closely misses you.
The shadow imp shouts, "Run away, thou weedy fly-bitten prigger-of-prances!"
There is a stone staircase leading up here.
You miss Natasha. You headbutt Natasha.
Natasha is moderately wounded.
Natasha claws you. Natasha closely misses you. You furiously retaliate!
You headbutt Natasha. You closely miss Natasha. Your headbutt misses Natasha.
Natasha is heavily wounded.
Natasha casts a spell at you. The magic dart hits you.
Natasha completely misses you. Natasha claws you.
You barely miss Natasha. Your headbutt misses Natasha.
Natasha is heavily wounded.
Natasha claws you!
* * * LOW HITPOINT WARNING * * *
Natasha casts a spell at you. The magic dart hits you!
You die...

### #.# ..# #.# #.####
##.## #.##.####...## #
#####.#...##(....#.###
#..........##.........
#..##..............##
.##.#.#......###†#####
.#..##..#...## #@#
........##.## #h#
##.#.#.##### #.5(#
#...## #.....# ##.#.##
#.......#
#....####.........#
#.......+........('.
#....####.........###
#.#.## ##.......##


You could see Natasha and a shadow imp (summoned).

Vanquished Creatures
  3 gnolls (D:2)
  3 dart slugs (D:1)
  A ball python (D:1)
  3 giant cockroaches
  A goblin (D:1)
  A hobgoblin (D:2)
  4 jackals (D:1)
  2 kobolds
  2 bats
  4 frilled lizards
  3 rats
27 creatures vanquished.

Notes
Turn   | Place    | Note
-------+----------+-------------------------------------------
     0 | D:1      | tsouns the Minotaur Brigand began the quest for the Orb.
     0 | D:1      | Reached XP level 1. HP: 18/18 MP: 0/0
    18 | D:1      | Reached skill level 3 in Fighting
   162 | D:1      | Reached XP level 2. HP: 26/26 MP: 1/1
   649 | D:1      | Reached skill level 4 in Fighting
   906 | D:2      | Reached XP level 3. HP: 27/34 MP: 2/2
   916 | D:2      | Reached skill level 5 in Fighting
  1091 | D:2      | Found an iron altar of Okawaru.
  1129 | D:2      | Became a worshipper of Warmaster Okawaru
  1204 | D:2      | Noticed Natasha
  1214 | D:2      | Killed from afar by Natasha

Illustrated notes

Levels and vault maps discovered:
D:1:      saegor_arrival_simple_b, layout_basic
D:2:      layout_loops_corners, nicolae_overflow_crystal_walls, minivault_19,
          uniq_natasha

Skill      XL: |  1  2  3 |
---------------+----------+-----
Fighting       | 3 4 5 |  5.1
Short Blades   | |  2.1
Polearms       | |  0.4
Throwing       | |  2.0
Dodging        | |  1.1
Stealth        | |  3.2

Action                   || total
-------------------------++-------
Melee: Dagger            ||    44
       Headbutt          ||    10
       Halberd           ||    16
Throw: Dart              ||    11
 Stab: Sleeping          ||     4
Armor: Robe              ||    15
Dodge: Dodged            ||    48
